 Dungeon Crawl Stone Soup version 0.31.0-32-g396128a36d (webtiles) character file.

Game seed: 11302777100742682559

7 Ahpoh the Scratcher (level 1, 0/5 HPs)
             Began as a Felid Shapeshifter on Apr 17, 2024.
             Slain by a bat (1 damage)
             ... on level 1 of the Dungeon.
             The game lasted 00:02:06 (249 turns).

Ahpoh the Scratcher (Felid Shapeshifter)             Turns: 249, Time: 00:02:07

Health: 0/5        AC:  1    Str: 10    XL:     1   Next: 91%
Magic:  2/2        EV: 21    Int: 13    God:
Gold:   15         SH:  0    Dex: 15    Spells: 0/0 levels left
                                        Lives:  0   Deaths: 1

rFire   . .          .
                       - Unarmed
rCold   . . .        (shield unavailable)
rNeg    . . .        (body armour unavailable)
rPois   .            (helmet unavailable)
rElec   .            (cloak unavailable)
rCorr   .            (gloves unavailable)
SInv    +            (boots unavailable)
Will    .....        (no amulet)
Stlth   +            (no ring)
HPRegen 0.20/turn    (no ring)
MPRegen 0.08/turn

%: no passive effects
@: flux-form, glowing
A: glow, contaminating, reduced hp, very small, claws 1, fangs 3, see invisible,
shaggy fur 1, stealthy paws, no weapons or thrown items, no armour, multi-lived
a: Begin Untransformation


You were on level 1 of the Dungeon.
You were something dangerously unstable.
You visited 1 branch of the dungeon, and saw 1 of its levels.

You collected 15 gold pieces.

Inventory:

Talismans
 b - a beast talisman
 c - a flux talisman (active)
Scrolls
 e - a scroll of teleportation
 f - 2 scrolls of identify
Potions
 a - a potion of lignification
 d - a potion of heal wounds {unknown}


   Skills:
 * Level 1.1 Fighting
 * Level 2.8 Dodging
 * Level 3.1 Unarmed Combat
 * Level 2.9 Shapeshifting


You couldn't memorise any spells.
You didn't know any spells.
Your spell library contained the following spells:

 Spells                   Type           Power      Damage    Failure   Level
 Shock                    Conj/Air       0%         1d3       30%         1
 Swiftness                Air            0%         N/A       67%         3
 Airstrike                Air            0%         2d(0-16)  97%         4


Dungeon Overview and Level Annotations

Branches:
Dungeon (1/15)

Altars:

Shops:
D:1 !


Innate Abilities, Weirdness & Mutations

You are something dangerously unstable.
You glow with magical radiation, making you easy to see and hit.
Foes you strike become dangerously contaminated with magical radiation.
Your maximum health is decreased, since you lack skill for your form.
You have sharp claws.
You have razor-sharp teeth.
You have supernaturally acute eyesight. (SInv)
You are covered in fur. (AC +1)
Your paws help you pounce on unaware monsters.
You are incapable of wielding weapons or throwing items.
You cannot wear armour.
You gain extra lives every three experience levels.


Message History

There is an entrance to Cosim's Distillery here.
You open the door.
There is an open door here.
A ball python comes into view.
You scratch the ball python.
You kill the ball python!
A hobgoblin comes into view.
The hobgoblin shouts!
A hobgoblin is nearby!
The hobgoblin closely misses you.
You scratch the hobgoblin.
The hobgoblin begins to glow.
The hobgoblin is heavily wounded.
The hobgoblin hits you.
Ouch! That really hurt!
You die...
Your shape twists and changes as you die.
You rejoin the land of the living...
Found a book of Air.
You pick up a book of Air and begin reading...
You add the spells Shock, Swiftness and Airstrike to your library.
A ball python and a bat come into view.
The ball python hisses angrily.
The bat misses you.
You miss the bat. The bat barely misses you. The ball python bites you.
Ouch! That really hurt!
The ball python completely misses you. The bat barely misses you.
You barely miss the ball python. The bat completely misses you.
The ball python bites you.
* * * LOW HITPOINT WARNING * * *
The ball python misses you.
You scratch the ball python.
You kill the ball python!
The bat closely misses you.
You barely miss the bat. You bite the bat, but do no damage.
The bat closely misses you.
You closely miss the bat. The bat closely misses you. The bat misses you.
The bat misses you. x2; The bat hits you.
You die...

#.#.###.###.# ###...##
#...##.####.# . #####
#...........# .#.#
#..###...)..#.##.# ...
............#.##.##.#
.#.#.#.#.#..#......#
........^.####..##
.#.#.#.#.#.####.#.##
............#.p....#
.####..#####.#b#.##......
##. .#.#.# .##### ##
.....# # ##.#.# #.#.#
..... #.####


You could see a bat.

Vanquished Creatures
  2 ball pythons (D:1)
  An endoplasm (D:1)
  A goblin (D:1)
  A hobgoblin (D:1)
  A bat (D:1)
  A rat (D:1)
7 creatures vanquished.

Notes
Turn   | Place    | Note
-------+----------+-------------------------------------------
     0 | D:1      | Ahpoh the Felid Shapeshifter began the quest for the Orb.
     0 | D:1      | Reached XP level 1. HP: 10/10 MP: 2/2
   202 | D:1      | Found Cosim's Distillery.
   233 | D:1      | Slain by a hobgoblin
   233 | D:1      | Lost a life (0 lives remaining)
   249 | D:1      | Slain by a bat

Illustrated notes

Levels and vault maps discovered:
D:1:      spicycebolla_arrival_xxxplode, layout_loops_cross, serial_shops,
          nicolae_shop_hallway_plus, minmay_misc_feat_pillars

Action                     || total
---------------------------++-------
  Melee: Unarmed           ||    16
         Bite              ||     2
    Use: Scroll            ||     1
 Armour: Skin              ||     6
  Dodge: Dodged            ||    15
   Form: Flux              ||     1
